Cogmind - Beta 14 @@@ ROGUE MODE // 2024.12.16 @ 21:05:40 Player: xack Result: Destroyed by D-53 Grenadier with Mini Grenade Launcher Performance ------------- Evolutions (0) 0 Regions Visited (2) 400 Robots Destroyed (15) 75 Value Destroyed (380) 380 Prototype IDs (3) 60 Alien Tech Used (0) 0 Bonus (0) 0 TOTAL SCORE: 915 Bonus ------- None Cogmind --------- Core Integrity 0/250 Matter 86/300 Energy 100/100 System Corruption 0% Temperature Cool (0) Movement Rolling (90) Location -10/Mines Parts ------- > --- POWER (1) -------- (None) > --- PROPULSION (2) --- Wheel Compact Wheel > --- UTILITY (2) ------ Large Storage Unit > --- WEAPON (2) ------- Autogun > --- INVENTORY (15) --- Light Nuclear Core Aluminum Leg Heat Sink Improved Heat Sink Medium Storage Unit Sensor Array Seismic Detector Medium Laser Particle Gun Autogun Rocket Launcher Peak State ------------ > --- POWER ------------ Ion Engine > --- PROPULSION ------- Wheel Compact Wheel > --- UTILITY ---------- Large Storage Unit Light Armor Plating > --- WEAPON ----------- Particle Gun Autogun > --- INVENTORY -------- Ion Engine Light Nuclear Core Aluminum Leg Aluminum Leg Heat Sink Improved Heat Sink Medium Storage Unit Sensor Array Seismic Detector Light Armor Plating Medium Laser Autogun Autogun Rocket Launcher Rocket Launcher [Rating: 11] Favorites ----------- Power Ion Engine Engine Ion Engine Propulsion Compact Wheel Leg Aluminum Leg Wheel Compact Wheel Utility Large Storage Unit Storage Large Storage Unit Protection Light Armor Plating Weapon Medium Laser Energy Gun Medium Laser Ballistic Gun Assault Rifle Launcher Rocket Launcher Build | -11 -10 -10 ------- Run | Yrd Mat Min Slots Evolved . | . . . Power . | . . . Propulsion . | . . . Utility . | . . . Weapon . | . . . Parts Attached 35 | 6 17 12 Power 3 | 1 2 . Engine 3 | 1 2 . Core . | . . . Reactor . | . . . Propulsion 13 | 2 7 4 Treads . | . . . Leg 4 | . 2 2 Wheel 9 | 2 5 2 Hover . | . . . Flight . | . . . Utility 5 | 1 4 . Device . | . . . Storage 3 | 1 2 . Processor . | . . . Hackware . | . . . Protection 2 | . 2 . Artifact . | . . . Weapon 14 | 2 4 8 Energy Gun 3 | 1 1 1 Energy Cannon . | . . . Ballistic Gun 7 | 1 3 3 Ballistic Cannon . | . . . Launcher 4 | . . 4 Special Weapon . | . . . Impact Weapon . | . . . Slashing Weapon . | . . . Piercing Weapon . | . . . Special Melee Weapon . | . . . Unidentified Prototypes . | . . . Parts Lost 10 | . 3 7 Power 2 | . 1 1 Propulsion 4 | . 1 3 Utility 2 | . 1 1 Weapon 2 | . . 2 Highest Loss Streak 7 | . 3 7 To Critical Strikes . | . . . Average Slot Usage (%) 94 | . 94 85 Engine 13 | . 13 14 Leg 7 | . 7 8 Wheel 19 | . 19 14 Storage 14 | . 14 14 Protection 10 | . 10 8 Energy Gun 13 | . 14 2 Ballistic Gun 13 | . 13 8 Peak Build Rating 11 | 6 11 11 Average Rating 8 | 4 8 9 On Entrance 5 | . 6 11 Naked Turns . | . . . Heaviest Build 36 | 14 34 36 Greatest Support 26 | 26 26 26 Greatest Overweight (x) 2 | . 2 1 Average Overweight (x) . | . . . Largest Inventory Capacity 15 | 8 15 15 Average Capacity 13 | 7 13 15 Most Carried 15 | 5 15 15 Average Carried 12 | 1 12 13 Final Capacity 15 | 8 15 15 Final Carried 15 | 4 15 11 Class Distribution -------------------- 100% | Mutant Dominant Class ---------------- Mutant | -10/Materials Mutant | -10/Mines Resources | -11 -10 -10 ----------- Run | Yrd Mat Min Matter Collected 629 | 230 399 . Remotely . | . . . Salvage Created 546 | . 503 43 Parts 28 | . 28 . Haulers Intercepted . | . . . Recyclers Shooed 1 | . 1 . Parts Field Recycled . | . . . Retrieved Matter . | . . . Parts Self-Destructed . | . . . Prevented . | . . . Kills | -11 -10 -10 ------- Run | Yrd Mat Min Combat Hostiles Destroyed 23 | . 11 12 Guns 11 | . 11 . AOE 12 | . . 12 Classes Destroyed 6 | . 5 1 Worker 1 | . 1 . Recycler 1 | . 1 . Watcher 2 | . 2 . Swarmer 3 | . 3 . Grunt 8 | . 8 . Assembled 12 | . . 12 Best Kill Streak 12 | . 3 12 Combat Bots Only 12 | . 2 12 Max Kills in Single Turn 6 | . 1 6 Gunslinging . | . . . Exploded 6 | . . 6 Melee . | . . . Uniques/NPCs Destroyed . | . . . Combat | -11 -10 -10 -------- Run | Yrd Mat Min Hostile Shots Fired 102 | . 67 35 Missed 23 | . 20 3 Damage Taken 1386 | . 586 800 Core 264 | . 47 217 Absorbed by Shields . | . . . Core Remaining (%) 100 | 100 . . Volleys Fired 74 | 2 65 7 Largest 2 | 2 2 2 Hottest 88 | 70 88 66 Shots Fired 124 | 4 106 14 Gun 116 | 4 106 6 Cannon . | . . . Launcher 8 | . . 8 Special . | . . . Kinetic 73 | 2 65 6 Thermal 43 | 2 41 . Explosive 8 | . . 8 Electromagnetic . | . . . Robot Hit Streak 12 | 4 12 1 Robot Miss Streak 6 | . 6 5 Penetration Max . | . . . Secondary Targets . | . . . Shots Hit Robots 70 | 4 63 3 Core Hits 50 | 1 28 21 Critical Kills . | . . . Critical Parts Destroyed 1 | . 1 . Critical Strikes 3 | . 3 . Burn 2 | . 2 . Destroy 1 | . 1 . Melee Attacks . | . . . Impact . | . . . Slashing . | . . . Piercing . | . . . Sneak Attacks . | . . . Combat Hostiles . | . . . Follow-up Attacks . | . . . Damage Inflicted 1663 | 45 849 769 Guns 927 | 45 849 33 Cannons . | . . . Explosions 736 | . . 736 Melee . | . . . Ramming . | . . . Kinetic 534 | 20 481 33 Thermal 393 | 25 368 . Explosive 736 | . . 736 Electromagnetic . | . . . Impact . | . . . Slashing . | . . . Piercing . | . . . Highest Corruption . | . . . Average Corruption . | . . . Corruption Purged . | . . . Corruption Blocked . | . . . Overload Shots . | . . . Overflow Damage 45 | . . 45 Projectiles . | . . . Explosions 45 | . . 45 Melee . | . . . Knockbacks . | . . . Impact . | . . . Kinetic . | . . . Secondary . | . . . Self-Inflicted Damage 122 | . . 122 Shots 3 | . . 3 Rammed . | . . . Targets Rammed . | . . . Kicked . | . . . Crushed . | . . . Highest Temperature 308 | . 308 131 Average Temperature 96 | . 100 67 Received Heat Transfer 439 | . 279 160 Effects 1 | . 1 . Interference 1 | . 1 . Siege Activations . | . . . Robots Corrupted . | . . . Combat Hostiles . | . . . Parts Fried . | . . . Impact Corruptions . | . . . Robots Melted . | . . . Combat Hostiles . | . . . Parts Melted 2 | . 2 . Heat Transferred 1258 | 74 1184 . Parts Sabotaged . | . . . Parts Stolen . | . . . Parts Stripped . | . . . Power Chain Reactions . | . . . Alert | -11 -10 -10 ------- Run | Yrd Mat Min Peak Influence 302 | . 302 35 Initial 8 | . . 8 Average 127 | . 142 16 Maximum Alert Level 1 | . 1 . Low Security (%) 78 | 100 75 100 Level 1 21 | . 24 . Level 2 . | . . . Level 3 . | . . . Level 4 . | . . . Level 5 . | . . . High Security . | . . . Max Security . | . . . Squads Dispatched 1 | . 1 . Investigation . | . . . Extermination . | . . . Reinforcement 1 | . 1 . Assault . | . . . Garrison . | . . . Intercept . | . . . Searches Triggered . | . . . Construction Impeded . | . . . Haulers Reinforced . | . . . Active Scanning Responses . | . . . Cargo Convoy Interrupts . | . . . Stealth | -11 -10 -10 --------- Run | Yrd Mat Min Distress Signals . | . . . Communications Jammed . | . . . Distress Signals . | . . . Times Spotted 36 | . 20 16 Peak Tracking Total 10 | . 4 10 Tactical Retreats 2 | . 2 . Traps | -11 -10 -10 ------- Run | Yrd Mat Min Traps Triggered 2 | . 2 . Indirectly . | . . . Trap Hack Attempts . | . . . Triggered . | . . . Disarmed . | . . . Reprogrammed . | . . . Reused . | . . . Traps Extracted . | . . . Installed . | . . . Triggered . | . . . Machines | -11 -10 -10 ---------- Run | Yrd Mat Min Machines Disabled . | . . . Max in Single Turn . | . . . Machines Repaired . | . . . Machines Dismantled . | . . . Machines Sabotaged . | . . . Overloaded Fab Kills . | . . . Hacking | -11 -10 -10 --------- Run | Yrd Mat Min Machines Accessed 3 | . 3 . Terminals 3 | . 3 . Fabricators . | . . . Repair Stations . | . . . Recycling Units . | . . . Scanalyzers . | . . . Garrison Access . | . . . Total Hacks 10 | . 10 . Successful 4 | . 4 . Failed 6 | . 6 . Catastrophic . | . . . Database Lockouts . | . . . Manual 7 | . 7 . Terminals 10 | . 10 . Fabricators . | . . . Repair Stations . | . . . Recycling Units . | . . . Scanalyzers . | . . . Garrison Access . | . . . Terminal Hacks 4 | . 4 . Prototype ID Bank 2 | . 2 . Locate Traps 1 | . 1 . Hauler Manifests 1 | . 1 . Fabricator Hacks . | . . . Repair Station Hacks . | . . . Recycling Unit Hacks . | . . . Scanalyzer . | . . . Garrison Access Hacks . | . . . Unauthorized Hacks . | . . . Terminals . | . . . Fabricators . | . . . Repair Stations . | . . . Recycling Units . | . . . Scanalyzers . | . . . Garrison Access . | . . . Data Cores Recovered . | . . . Used . | . . . Hacking Detections 2 | . 2 . Full Trace Events . | . . . Feedback Events . | . . . Feedback Blocked . | . . . Robot Schematics Acquired . | . . . Robots Built . | . . . Authchips . | . . . Time . | . . . Total Robot Build Rating . | . . . Part Schematics Acquired . | . . . Parts Built . | . . . Authchips . | . . . Time . | . . . Total Part Build Rating . | . . . Parts Repaired . | . . . Time . | . . . Parts Recycled . | . . . Recycled Matter . | . . . Retrieved Matter . | . . . Retrieved Components . | . . . Parts Scanalyzed . | . . . Part Schematics Acquired . | . . . Parts Damaged . | . . . Bothacking | -11 -10 -10 ------------ Run | Yrd Mat Min Used RIF Installer . | . . . Robots Hacked . | . . . Non-combat . | . . . Combat . | . . . Robot Hacks Applied . | . . . Relay Couplers Released . | . . . Fabnet Peak Effective % . | . . . Robots Rewired . | . . . Allies Hacked . | . . . Hacks Repelled . | . . . Allies | -11 -10 -10 -------- Run | Yrd Mat Min Total Allies . | . . . Largest Group . | . . . Highest-Rated Group . | . . . Highest-Rated Ally . | . . . Total Orders . | . . . Ally Attacks . | . . . Total Damage . | . . . Kills . | . . . Allies Corrupted . | . . . Allies Melted . | . . . Intel | -11 -10 -10 ------- Run | Yrd Mat Min Robot Analysis Total . | . . . Derelict Logs Recovered . | . . . Drone Launches . | . . . Drone Recoveries . | . . . Exploration | -11 -10 -10 ------------- Run | Yrd Mat Min Turns Passed 957 | 51 848 58 Spaces Moved 615 | 36 559 20 Core 1 | 1 . . Treads . | . . . Legs 107 | . 106 1 Wheels 507 | 35 453 19 Hover . | . . . Flight . | . . . Fastest Speed 50 | 50 90 90 Average Speed 107 | 87 108 108 Slowest Speed 190 | 90 130 190 Overloaded Moves . | . . . Propulsion Burnouts . | . . . Robots Hopped . | . . . Cave-ins Triggered . | . . . Exploration Rate (%) 30 | 3 78 10 Regions Visited 2 Branch Regions 1 Pre-discovered Areas . | . . . Known Exits Taken . | . . . Unknown Exits Taken 2 | 1 1 . Scrap Searched . | . . . Spaces Dug . | . . . Terrain Destroyed 82 | . . 82 Melee . | . . . Projectile . | . . . AOE 82 | . . 82 Terrain Rammed . | . . . Walls Destroyed . | . . . Machines Disabled . | . . . Actions | -11 -10 -10 --------- Run | Yrd Mat Min Total 789 | 48 702 39 Wait 34 | . 34 . Move 613 | 35 558 20 Hop . | . . . Pick Up 27 | 5 22 . Fast Attach 6 | 5 1 . Attach 13 | 1 8 4 Detach 1 | . 1 . Swap 16 | . 8 8 Drop 5 | . 5 . Fire 74 | 2 65 7 Melee . | . . . Ram . | . . . Kick . | . . . Crush . | . . . Escape Stasis . | . . . Rewire . | . . . Trap . | . . . Miscellaneous . | . . . Route ------- -11/Scrapyard -10/Materials (discovered 5 exits: [*Mat x3] / [*Min] / [*Sub]) -10/Mines History --------- Turn | Location | Event 14 | -11/Scrapyard | Discovered new exit (range 16) 52 | -11/Scrapyard | Entered Materials 137 | -10/Materials | Discovered new exit (range 12) 278 | -10/Materials | Discovered new exit (range 14) 313 | -10/Materials | Build established: Mutant 549 | -10/Materials | Discovered new exit (range 8) 574 | -10/Materials | Discovered new exit (range 16) 743 | -10/Materials | Discovered new exit (range 4) 818 | -10/Materials | Lost 3 parts (1p1n1u) 900 | -10/Materials | Entered Mines 901 | -10/Mines | Assembled infested the area 906 | -10/Mines | Assisted by a Guerilla fighting off Assembled 931 | -10/Mines | Core integrity fell below 50% 951 | -10/Mines | Core integrity fell below 20% 958 | -10/Mines | Destroyed 12 combat bots 958 | -10/Mines | Destroyed by D-53 Grenadier with Mini Grenade Launcher Last Messages --------------- 00934_ The unstable cave ceiling collapses. 00935_ Critical hit (Burn: +80). 00935_ Lgt. Armor Plating destroyed. 00937_ Rocket Launcher destroyed. 00937_ Destroyed Rocket Launcher. 00937_ as-86044 destroyed. 00937_ as-69990 destroyed. 00942_ C-30 ARC bursts open, deploying its payload. 00942_ D-53 Grenadier unfolds itself. 00944_ The unstable cave ceiling collapses. 00944_ as-13973 destroyed. 00947_ The unstable cave ceiling collapses. 00948_ Aluminum Leg destroyed. 00949_ as-95603 destroyed. 00950_ Destroyed Shock Absorption System. 00953_ The unstable cave ceiling collapses. 00955_ Autogun destroyed. 00956_ The unstable cave ceiling collapses. 00957_ Ion Engine destroyed. Map ----- +----------------------------------------------------+ | ?????????????????????????????????????????????????? | | ?????????????????????????????????????????????????? | | ?????????????????????????????????????????????????? | | ?????????????????????????????????????????????????? | | ?????????????????????????????????????????????????? | | ?????????????????????????????????????????????????? | | ?????????????????????????????????????????????????? | | ?????????????????????????????????????????????????? | | ?????????????????????????????????????????????????? | | ??????????????????? ?????????????????????????????? | | ??????????????????? ?????????????????????????????? | | ??????????????????? ?????????????????????????????? | | ?????????????????? "????????????????????????????? | | ???????????????#??? %????????????????????????????? | | ?????????????### "????????????????????????????? | | ?????????????#; """ ????????????????????????????? | | ??????????#?## " ########???##???????????????? | | ???????? ##"# % ##? ##??????????????? | | ???????? %% ## #??????????????? | | ???????? d d # # ???????????????? | | ??????? % % #????????????????? | | ???????? # #????????????????? | | ????????? #????????????????? | | ????????????# ! #????????????????? | | ????????????# $ ##???????????????? | | ????????????# @ #???????????????? | | ??????? ## u#???????????????? | | ???????????????# ## #??????????????? | | ???????????????### #?# ##??????????????? | | ?????????????????## # ###??###???????????????? | | ??????????????????########???????????????????????? | | | | | | | | | | | | | | | | | | | | | | | | | | | | | | | | | | | | | | | +----------------------------------------------------+ Best States ------------- Heat Dissipation 25 Energy Generation 10 Energy Capacity 250 Matter Stores 300 Matter Capacity 300 Sight Range 16 Terrain Scan Density 10 Armor Coverage 150 Evasion (%) 55 Item Schematics ----------------- None Robot Schematics ------------------ None Fabricated ------------ Nothing Alien Tech Used ----------------- None Achievements -------------- None Challenges ------------ None Game ------ Seed ShrapnelInertialTriangulator Manual? 0 Play Time 00:15:17 Cumulative 31.8 hours Start 2024.12.16 @ 20:52:52 End 2024.12.16 @ 21:05:40 Sessions 1 Manual Loads 0 Difficulty Rogue Special Mode None Game No. 18 Rogue 18 Adventurer 0 Explorer 0 Win Type - Total 0 Types 0/0/0/0/0/0/0/0/0 Lore% 14 Gallery% 24 Achievement% 21 Wizard Run 0 Options --------- Layout 1 ASCII 0 Keyboard 0 Movement Mouse Keybinds 0 Fullscreen 1 Font 32/Smallcaps Map View 50x35 Zoom Use 0% Tactical HUD 1 Map Filters NONE Filters NONE Steam 1 RUN: 76cc280e-e12f-44da-95c0-7dd9db409c91